Map: Torri del crepuscolo

Players

Jhyrachy - Winner!

  • Race: Zerg Zerg
  • League: Silver

Jugulator

  • Race: Terran Terran
  • League: Gold

VOD

Have the link to the VOD?

Description

Time

  • Played on: April 4, 2016, 3:01 p.m.
  • Length: 7:59
Show
View Real Time Build Order
Export as new Build Order

Jhyrachy Zerg - Winner!

Build Orders: Hatch First 

Get SALT Encoding   

  12  0:05  Drone  
  13  0:15  Drone  
  13  0:17  Overlord  
  14  0:35  Drone x2  
  14  0:38  Drone  
  17  0:57  Drone  
  17  0:58  Hatchery  
  17  1:00  Extractor, Drone  
  17  1:17  Spawning Pool  
  16  1:30  Drone x2  
  18  1:43  Drone  
  18  1:46  Drone  
  20  1:56  Overlord  
  20  2:06  Queen  
  22  2:13  Baneling Nest  
  21  2:20  Drone x3  
  21  2:21  Queen  
  26  2:25  Zergling x2  
  27  2:32  Metabolic Boost  
  27  2:35  Zergling x2  
  28  3:02  Zergling x12  
  34  3:21  Zergling x4  
  34  3:23  Overlord  
  34  3:24  Overlord  
  36  3:43  Zergling x12  
  36  3:44  Zergling x2  
  43  3:57  Baneling  
  43  3:58  Baneling x6  
  43  4:09  Zergling x2  
  44  4:10  Zergling x12  
  44  4:40  Queen  
  37  4:54  Zergling x8  
  37  4:55  Zergling x10  
  42  5:21  Spore Crawler  
Show
View Real Time Build Order
Export as new Build Order

Jugulator Terran 

Build Orders:  

Get SALT Encoding   

  12  0:02  SCV  
  13  0:16  Supply Depot  
  13  0:25  Refinery, SCV  
  14  0:40  Barracks  
  14  0:44  SCV  
  15  0:57  SCV  
  16  1:06  Supply Depot  
  16  1:13  SCV  
  17  1:25  Refinery  
  17  1:26  SCV  
  18  1:33  Reaper  
  19  1:50  Factory  
  19  1:54  Orbital Command  
  19  2:07  Supply Depot  
  19  2:09  Marine  
  20  2:23  Barracks  
  20  2:33  Marine  
  21  2:37  Starport  
  21  2:38  SCV  
  21  2:58  Factory Tech Lab  
  21  3:00  Widow Mine  
  21  3:04  Supply Depot  
  21  3:05  SCV  
  24  3:13  Marine  
  24  3:14  Barracks Tech Lab  
  24  3:18  Medivac  
  27  3:26  SCV  
  28  3:31  Marine, Supply Depot  
  29  3:37  Marauder  
  29  3:38  Factory Tech Lab  
  31  3:49  Marine  
  32  3:56  SCV  
  32  3:58  Siege Tank, Marauder  
  38  4:03  Medivac  
  38  4:07  Marine  
  41  4:19  Marine  
  42  4:25  Marine  
  22  5:17  Orbital Command  
Tags
 
Add a new tag
Caveats
  • Supply blocks, unpowered buildings, or Contaminate may cause inaccurate times.
  • Supply counts are checked every 10 seconds.